Map: Abyssal Reef LE

Players

SortOf

  • Race: Zerg Zerg
  • Spawn Location: 5:00

Elazer - Winner!

  • Race: Zerg Zerg
  • Spawn Location: 11:00

Event: WCS Montreal 2017

VOD

Have the link to the VOD?

Description

Time

  • Played on: Sept. 8, 2017, 8:21 p.m.
  • Length: 9:19

All games in this series

Show
View Real Time Build Order
Export as new Build Order

SortOf Zerg 

Build Orders: Hatch First 

Get SALT Encoding   

  12  0:00  Drone  
  13  0:13  Overlord  
  13  0:17  Drone  
  14  0:31  Drone x2  
  16  0:36  Drone  
  17  0:52  Hatchery  
  17  0:55  Drone  
  17  0:58  Drone  
  18  1:08  Extractor  
  17  1:13  Spawning Pool  
  17  1:16  Drone  
  17  1:20  Drone  
  18  1:28  Drone  
  19  1:41  Drone, Evolution Chamber  
  19  1:52  Drone  
  20  2:02  Queen  
  20  2:03  Queen  
  20  2:04  Zergling x4  
  26  2:12  Drone, Zerg Missile Weapons Level 1  
  26  2:14  Drone  
  28  2:25  Roach Warren  
  28  2:29  Drone  
  28  2:33  Overlord  
  28  2:38  Overlord  
  28  2:45  Overlord  
  30  3:05  Roach  
  30  3:06  Roach x4  
  30  3:10  Roach  
  40  3:17  Roach  
  40  3:19  Overlord  
  41  3:25  Roach  
  42  3:34  Overlord  
  42  3:37  Roach  
  44  3:47  Roach  
  44  3:52  Drone x4  
  46  3:59  Roach  
  46  4:01  Drone  
  49  4:07  Drone  
  50  4:10  Drone  
  50  4:11  Roach  
  50  4:13  Drone x2  
  50  4:15  Extractor x2  
  50  4:16  Drone  
  52  4:19  Drone  
  52  4:24  Drone x2  
  55  4:25  Ravager  
  55  4:26  Drone x2  
  55  4:33  Ravager  
  55  4:34  Drone x2  
  55  4:41  Drone  
  55  4:42  Drone  
  56  4:45  Drone  
  56  4:46  Drone  
  56  4:52  Lair  
  57  4:56  Roach  
  57  5:02  Roach  
  57  5:03  Drone  
  57  5:04  Hatchery  
  59  5:12  Roach x2  
  57  5:18  Roach x3  
  57  5:19  Overlord  
  59  5:25  Zergling x2  
  60  5:29  Overlord  
  60  5:33  Roach, Queen  
  58  5:37  Roach  
  58  5:41  Roach  
  54  5:43  Drone  
  54  5:47  Drone  
  54  5:48  Drone  
  53  5:53  Drone  
  53  5:55  Drone  
  51  6:00  Drone x2  
  51  6:03  Drone  
  54  6:07  Drone x2  
  56  6:14  Zerg Missile Weapons Level 2  
  56  6:17  Queen  
  58  6:22  Drone x2  
  58  6:23  Drone  
  61  6:25  Drone  
  61  6:27  Drone  
  61  6:30  Glial Reconstitution  
  63  6:35  Drone x3  
  63  6:38  Overlord  
  66  6:43  Roach  
  66  6:44  Roach  
  66  6:47  Roach  
  72  6:51  Roach  
  74  7:00  Roach x4  
  74  7:01  Extractor  
  81  7:08  Roach x2  
  85  7:10  Overlord  
  85  7:17  Roach x2  
  85  7:19  Overlord  
  85  7:21  Overlord  
  89  7:31  Roach x4  
  89  7:36  Overlord  
  97  7:37  Overlord  
  97  7:44  Roach x3  
  97  7:48  Roach  
  97  7:49  Roach  
  107  7:57  Roach  
  109  8:00  Roach  
  109  8:01  Roach  
  109  8:05  Roach x2  
  114  8:06  Roach x3  
  114  8:12  Roach x2  
  123  8:17  Roach  
  123  8:18  Roach x2  
  129  8:23  Overlord  
  129  8:32  Overlord  
  137  8:41  Roach x4  
  137  8:42  Overlord  
  131  8:53  Roach x2  
  117  8:56  Roach x5  
  117  8:59  Roach x2  
  107  9:04  Drone  
Show
View Real Time Build Order
Export as new Build Order

Elazer Zerg - Winner!

Build Orders: Hatch First 

Get SALT Encoding   

  12  0:00  Drone  
  13  0:12  Overlord  
  13  0:17  Drone  
  14  0:30  Drone x2  
  14  0:34  Drone  
  17  0:51  Hatchery  
  17  0:54  Drone  
  17  0:57  Drone  
  18  1:08  Extractor  
  17  1:12  Spawning Pool  
  17  1:15  Drone  
  17  1:18  Drone  
  18  1:27  Drone  
  19  1:40  Overlord  
  19  1:49  Drone  
  20  1:58  Queen  
  20  2:00  Drone  
  23  2:02  Queen  
  23  2:03  Drone  
  23  2:08  Metabolic Boost  
  26  2:11  Drone  
  27  2:16  Drone  
  28  2:29  Hatchery  
  27  2:32  Drone  
  28  2:37  Queen  
  28  2:41  Zergling x2  
  28  2:42  Zergling x2  
  32  2:47  Overlord  
  33  2:51  Drone  
  33  2:55  Drone  
  33  2:56  Drone  
  33  2:57  Drone  
  36  3:09  Zergling x10  
  41  3:16  Zergling x6  
  44  3:26  Overlord  
  44  3:27  Overlord  
  44  3:32  Baneling Nest  
  43  3:42  Roach Warren  
  43  3:46  Drone x4  
  43  3:48  Drone  
  42  3:56  Zergling x2  
  42  3:57  Zergling x6  
  47  4:02  Zergling x2  
  47  4:03  Zergling x2  
  47  4:05  Overlord  
  47  4:09  Drone x2  
  50  4:13  Evolution Chamber  
  49  4:20  Zergling x6  
  51  4:25  Roach x6  
  59  4:34  Roach  
  56  4:40  Zergling x14  
  58  4:54  Zergling x8  
  58  4:56  Queen  
  64  5:00  Overlord  
  64  5:02  Extractor  
  64  5:04  Drone x3  
  65  5:09  Drone  
  65  5:11  Drone x2  
  65  5:12  Drone  
  65  5:13  Zerg Missile Weapons Level 1  
  65  5:18  Overlord  
  65  5:19  Drone  
  65  5:20  Drone  
  67  5:22  Extractor, Drone  
  67  5:25  Drone  
  67  5:27  Drone  
  69  5:32  Drone  
  69  5:35  Lair  
  67  5:36  Drone x2  
  67  5:37  Drone  
  67  5:39  Drone  
  67  5:41  Drone  
  69  5:47  Drone x2  
  65  5:55  Roach x4  
  65  5:58  Overlord  
  65  6:01  Extractor  
  65  6:02  Roach  
  66  6:06  Roach x2  
  66  6:07  Drone x3  
  66  6:11  Overlord  
  73  6:14  Zergling x2  
  73  6:15  Roach x2  
  78  6:19  Roach  
  78  6:20  Roach  
  78  6:24  Roach  
  84  6:27  Overlord  
  84  6:28  Roach x2  
  84  6:31  Overlord  
  88  6:34  Extractor  
  88  6:35  Drone x3  
  88  6:37  Glial Reconstitution  
  88  6:38  Overlord  
  90  6:41  Roach  
  90  6:42  Roach  
  90  6:45  Roach  
  98  6:47  Roach  
  98  6:49  Overlord  
  98  6:53  Roach  
  98  6:54  Roach  
  101  6:58  Drone x3  
  101  7:00  Drone x3  
  107  7:11  Drone x3  
  107  7:13  Overlord  
  107  7:15  Roach  
  112  7:17  Evolution Chamber  
  112  7:21  Roach x3  
  117  7:26  Overlord  
  117  7:27  Roach x2  
  121  7:31  Roach x2  
  121  7:32  Roach  
  127  7:39  Roach x3  
  133  7:45  Roach x3  
  139  7:54  Hatchery  
  138  8:00  Roach  
  138  8:01  Roach x4  
  140  8:07  Roach x3  
  140  8:10  Extractor  
  140  8:12  Overlord x2  
  143  8:17  Roach  
  145  8:25  Overlord  
  145  8:27  Overlord  
  145  8:32  Roach x7  
  159  8:37  Ravager  
  159  8:38  Ravager x2  
  159  8:40  Overlord x2  
  162  8:43  Roach x4  
  164  8:52  Roach x5  
  158  8:57  Roach x2  
  148  9:06  Ravager  
  148  9:07  Ravager  
Tags
 
Add a new tag
Caveats
  • Supply blocks, unpowered buildings, or Contaminate may cause inaccurate times.
  • Supply counts are checked every 10 seconds.